 Dungeon Crawl Stone Soup version 0.30.0-20-g3615ddf2f0 (webtiles) character file.

Game seed: 7354651100325336423

63 qw the Shield-Bearer (level 4, -6/28 HPs)
             Began as a Gargoyle Fighter on May 30, 2023.
             Was an Initiate of Okawaru.
             Killed from afar by Sigmund (10 damage)
             ... with a puff of flame
             ... on level 2 of the Dungeon.
             The game lasted 00:00:57 (1642 turns).

qw the Shield-Bearer (Gargoyle Fighter)             Turns: 1642, Time: 00:00:58

Health: -6/28      AC: 12    Str: 21    XL:     4   Next: 9%
Magic:  4/4        EV:  8    Int:  9    God:    Okawaru [......]
Gold:   38         SH:  8    Dex:  9    Spells: 3/3 levels left

rFire   . . .        Y - +0 war axe
rCold   . . .        f - +0 kite shield
rNeg    + . .        b - +0 scale mail
rPois   inf          (no helmet)
rElec   +            (no cloak)
rCorr   .            (no gloves)
SInv    .            a - +1 pair of boots of the Stone Wall {rElec Stlth+}
Will    .....        (no amulet)
Stlth   +            (no ring)
HPRegen 0.24/turn    (no ring)
MPRegen 0.09/turn

%: no passive effects
@: about to teleport
A: sickness immunity, AC +3, negative energy resistance 1, electricity
resistance, torment resistance 1, petrification resistance
a: Renounce Religion


You were on level 2 of the Dungeon.
You worshipped Okawaru.
Okawaru was noncommittal.
You visited 1 branch of the dungeon, and saw 2 of its levels.

You collected 38 gold pieces.


Innate Abilities, Weirdness & Mutations

You are immune to sickness and miasma.
Your stone body is resilient. (AC +3)
You are immune to poison.
You resist negative energy. (rN+)
You are resistant to electric shocks. (rElec)
You are resistant to unholy torment.
You are immune to petrification.


   Skills:
 - Level 3.2 Fighting
 + Level 3.4 Axes
 - Level 3.2 Armour
 - Level 4.0 Shields


You had 3 spell levels left.
You didn't know any spells.
Your spell library was empty.

Inventory:

Hand Weapons
 h - a +0 club
 Y - a +0 war axe (weapon)
Armour
 a - the +1 pair of boots of the Stone Wall (worn) {rElec Stlth+}
   (You acquired it on level 1 of the Dungeon)

   rElec:     It insulates you from electricity.
   Stlth:     It makes you more stealthy.
 b - a +0 scale mail (worn)
 f - a +0 kite shield (worn)
Jewellery
 i - a ring of fire
Scrolls
 c - a scroll of identify
 g - a scroll of teleportation
Potions
 d - 2 potions of might
 k - 2 potions of degeneration {unknown}

Dungeon Overview and Level Annotations

Branches:
Dungeon (2/15)

Altars:
Okawaru

Annotations:
D:2 Sigmund


Message History

A magic dart appears from out of thin air!
The magic dart hits you!
You bump into the rock wall.
Something hits you but does no damage.
You barely miss something. Something hits you but does no damage.
You bump into the rock wall.
Something hits you but does no damage.
Enter note:
Enter note:
Enter note:
Enter note:
Enter note:
Enter note:
Enter note:
Enter note:
Enter note:
Enter note:
Enter note:
Enter note: You're too confused to move!
Sigmund appears from thin air!
Reactivating autopickup.
Sigmund barely misses you.
You feel less confused. Sigmund barely misses you.
1640 ||| READING 2 scrolls of teleportation.
As you read the scroll of teleportation, it crumbles to dust.
You feel strangely unstable.
You hit Sigmund but do no damage.
Sigmund is severely wounded.
Sigmund's eyes start glowing with a red light.
Sigmund gestures wildly while chanting.
Sigmund flickers and vanishes!
Deactivating autopickup; reactivate with Ctrl-A.
You closely miss something.
You hear some strange, mumbled words.
A puff of flame appears from out of thin air!
The puff of flame hits you!
You die...

#.# #.# ####.#.#.# #.##.#
#.####.#########.#.#.###.##.#####
..(..............................
######.##.######.#.#####.##.#####
...................# #.##.#
######.##.######...# #.##.#
#.##.# #...# #.##.. #.##.#
#.{.#####.##.# #.##.#
#@............ ######.##.#
#...########## .......##.# #...#
#########.# #...# #.# #...# #.#
#...# ### #####


There were no monsters in sight!

Vanquished Creatures
  An adder (D:2)
  A dart slug (D:1)
  3 ball pythons (D:1)
  A bat (D:1)
  6 endoplasms
  4 giant cockroaches (D:1)
  5 goblins
  4 hobgoblins
  6 jackals
  2 quokkas (D:2)
  3 frilled lizards
  5 kobolds
  4 rats
45 creatures vanquished.

Notes
Turn   | Place    | Note
-------+----------+-------------------------------------------
     0 | D:1      | qw the Gargoyle Fighter began the quest for the Orb.
     0 | D:1      | Reached XP level 1. HP: 14/14 MP: 1/1
     0 | D:1      | 0 ||| qw: Version: 0.2-a-102-g2b76a06
     0 | D:1      | 0 ||| qw: Game counter: 476
     0 | D:1      | 0 ||| qw: Always use a shield: true
     0 | D:1      | 0 ||| qw: God list: Okawaru
     0 | D:1      | 0 ||| qw: Allow faded altars: false
     0 | D:1      | 0 ||| qw: Do Orc after D:15 true
     0 | D:1      | 0 ||| qw: Do second Lair branch before Depths: true
     0 | D:1      | 0 ||| qw: Lair rune preference: random
     0 | D:1      | 0 ||| qw: Plans: Normal, Zot:1-4, Slime:5, God:TSO, Crypt,
                  | Tomb, Pan, Hells, Abyss, Win
     0 | D:1      | 0 ||| PLANNING D:1-11
    92 | D:1      | 92 ||| Stepping ~*~*~tactically~*~*~ (stealth).
    97 | D:1      | 97 ||| Stepping ~*~*~tactically~*~*~ (stealth).
   128 | D:1      | Reached XP level 2. HP: 19/19 MP: 2/2
   233 | D:1      | 233 ||| Stepping ~*~*~tactically~*~*~ (stealth).
   468 | D:1      | Reached skill level 3 in Axes
   503 | D:1      | Reached XP level 3. HP: 23/23 MP: 3/3
   596 | D:1      | 596 ||| Stepping ~*~*~tactically~*~*~ (stealth).
   598 | D:1      | 598 ||| Stepping ~*~*~tactically~*~*~ (stealth).
   851 | D:1      | 851 ||| Stepping ~*~*~tactically~*~*~ (stealth).
   920 | D:1      | 920 ||| Stepping ~*~*~tactically~*~*~ (stealth).
   940 | D:1      | 940 ||| UPGRADING to +0 kite shield.
   950 | D:1      | 950 ||| DROPPING +0 buckler.
   951 | D:1      | 951 ||| READING scroll labelled ORES JENOMEUST.
   951 | D:1      | Identified a scroll of acquirement
   951 | D:1      | 951 ||| ACQUIRING +1 pair of boots of the Stone Wall {rElec
                  | Stlth+}
   951 | D:1      | Acquired the +1 pair of boots of the Stone Wall {rElec
                  | Stlth+}
   953 | D:1      | 953 ||| UPGRADING to +1 pair of boots of the Stone Wall
                  | {rElec Stlth+}.
   958 | D:1      | 958 ||| READING 3 scrolls labelled ISEKLU LUKUEN.
   962 | D:1      | 962 ||| READING scroll labelled PEERUEL FUOGOR.
  1090 | D:2      | 1090 ||| Stepping ~*~*~tactically~*~*~ (stealth).
  1092 | D:2      | 1092 ||| Stepping ~*~*~tactically~*~*~ (hiding).
  1245 | D:2      | Reached XP level 4. HP: 26/28 MP: 4/4
  1262 | D:2      | Found an iron altar of Okawaru.
  1263 | D:2      | 1263 ||| PLANNING OKAWARU WORSHIP
  1270 | D:2      | Became a worshipper of Warmaster Okawaru
  1270 | D:2      | 1270 ||| PLANNING D:1-11
  1334 | D:2      | 1334 ||| Stepping ~*~*~tactically~*~*~ (stealth).
  1504 | D:2      | Reached skill level 4 in Shields
  1607 | D:2      | Noticed Sigmund
  1633 | D:2      | HP: 2/28 [something/magic dart (9)]
  1640 | D:2      | 1640 ||| READING 2 scrolls of teleportation.
  1642 | D:2      | Killed from afar by Sigmund

Levels and vault maps discovered:
D:1:      minmay_arrival_nine_rooms, layout_loops_corners,
          minmay_misc_feat_diagonals, serial_bayou_pond_c,
          chequers_serial_rivers_micro_a
D:2:      layout_basic, basic_altar, uniq_sigmund

Skill      XL: |  1  2  3  4 |
---------------+-------------+-----
Axes           | 2 3 |  3.4
Shields        | 4 |  4.0
Fighting       | |  3.2
Armour         | |  3.2

Action                     |  1- 3 |  4- 6 || total
---------------------------+-------+-------++-------
  Melee: War axe           |   103 |    37 ||   140
    Use: Scroll            |     3 |     1 ||     4
 Armour: Scale mail        |    49 |    17 ||    66
  Dodge: Dodged            |    30 |     5 ||    35
  Block: Buckler           |    10 |       ||    10
         Kite shield       |     9 |     7 ||    16

Table legend:
 A = Non-vault XP
 B = Vault XP
 C = Vault XP percentage of total XP
 D = Non-vault monster count
 E = Vault monster count
 F = Vault count percentage of total count
                 A         B        C        D         E       F
            +---------+---------+-------+---------+---------+-------
      Total |      90 |       0 |   0.0 |      45 |       0 |   0.0
            +---------+---------+-------+---------+---------+-------
        D:1 |      54 |       0 |   0.0 |      30 |       0 |   0.0
        D:2 |      36 |       0 |   0.0 |      15 |       0 |   0.0
            +---------+---------+-------+---------+---------+-------
